 Dungeon Crawl Stone Soup version 0.32-a0-306-gfed3edf829 (webtiles) character file.

Game seed: 17507090388581709434

216 n00bmints the Chopper (level 5, -6/47 HPs)
             Began as a Minotaur Berserker on Feb 15, 2024.
             Was a Believer of Trog.
             Killed by an exploding orc wizard (37 damage)
             ... ignited by their inner flame
             ... on level 3 of the Dungeon.
             The game lasted 00:11:47 (1498 turns).

n00bmints the Chopper (Minotaur Berserker)          Turns: 1498, Time: 00:11:51

Health: -6/47      AC:  7    Str: 23    XL:     5   Next: 61%
Magic:  4/4        EV: 10    Int:  4    God:    Trog [**....]
Gold:   185        SH:  5    Dex: 10    Spells: 4/4 levels left

rFire   . . .        a - +0 hand axe
rCold   . . .        (no shield)
rNeg    . . .        n - +0 scale mail
rPois   .            (helmet restricted)
rElec   .            (no cloak)
rCorr   .            (no gloves)
SInv    .            (no boots)
Will    .....        i - amulet of reflection Stlth
                     (no ring)
HPRegen 0.27/turn    (no ring)
MPRegen 0.09/turn

%: reflection
@: invisible
A: horns 2, retaliatory headbutt
a: Renounce Religion, Berserk, Trog's Hand


You were on level 3 of the Dungeon.
You worshipped Trog.
Trog was pleased with you.
You visited 1 branch of the dungeon, and saw 3 of its levels.

You collected 185 gold pieces.

Inventory:

Hand Weapons
 a - a +0 hand axe (weapon)
Armour
 b - a +0 animal skin
 d - a +0 leather armour
 m - a +0 ring mail
 n - a +0 scale mail (worn)
Jewellery
 i - an amulet of reflection (around neck)
Potions
 f - a potion of berserk rage {unknown}
 g - a potion of brilliance {unknown}
 h - 3 potions of heal wounds {unknown}
 j - a potion of curing {unknown}
 k - a potion of haste {unknown}
 l - a potion of resistance {unknown}


   Skills:
 + Level 4.7 Fighting
 + Level 6.1 Axes
 + Level 3.7 Armour
 + Level 2.7 Dodging


You had 4 spell levels left.
You didn't know any spells.
Your spell library contained the following spells:

 Spells                   Type           Power      Damage    Failure   Level
 Magic Dart               Conj           0%         1d3       80%         1
 Slow                     Hex            0%         N/A       80%         1
 Blink                    Tloc           0%         N/A       91%         2
 Call Imp                 Summ           0%         N/A       91%         2
 Confusing Touch          Hex            0%         N/A       99%         3
 Sigil of Binding         Hex            0%         N/A       99%         3
 Vampiric Draining        Necr           0%         2d6       99%         3


Dungeon Overview and Level Annotations

Branches:
Dungeon (3/15)

Altars:


Innate Abilities, Weirdness & Mutations

You have a pair of horns on your head.
You reflexively headbutt those who attack you in melee.


Message History

The orc is heavily wounded.
The orc hits you with a +0 club.
You hit the orc.
The orc is almost dead.
You hit something but do no damage. Something hits you but does no damage.
The orc hits you but does no damage.
You slash the orc!
You kill the orc!
Trog accepts your kill.
You hit something but do no damage. Something hits you but does no damage.
Something hits you.
Things that are here:
a +0 club; a +0 leather armour; an orc corpse Something hits you but does no damage.
You barely miss something. Your headbutt misses something.
Something hits you but does no damage.
You hit something. Something completely misses you.
You miss something. Your headbutt misses something. Something hits you.
You closely miss something. Something hits you but does no damage.
You hit something but do no damage. Something hits you.
As you read the scroll labelled NORAITS NUOSMO, it crumbles to dust.
The creatures around you are filled with an inner flame!
It was a scroll of immolation.
Something hits you but does no damage.
It was a potion of invisibility.
You fade into invisibility!
You hear some strange, mumbled words.
A magic dart appears from out of thin air!
The magic dart hits you.
You hit something but do no damage. Something hits you but does no damage.
You hit something.
Flame seeps out of something.
Your headbutt misses something.
Flame seeps out of something.
Something hits you. Trog accepts your kill.
Trog appreciates your killing of a magic user.
Reactivating autopickup.
You feel a bit more experienced.
The orc wizard explodes!
The fiery explosion engulfs you!!!
Ouch! That really hurt!
You die...

#### #######...##
#§)........##.
######○#..♣.♣......
#....@.#..._..#.##.
###.##.####.♣.♣.# #
#...##...#......#
#.#.####.#......#
#.#.# #...####.#
#.#.#####.## $#
#.#.......# .#
###.####.##.# #
#...# #......


There were no monsters in sight!

Vanquished Creatures
  An orc wizard (D:3)
  7 gnolls
  5 adders (D:2)
  A ribbon worm (D:2)
  4 orcs
  4 endoplasms
  2 giant cockroaches
  5 goblins
  3 hobgoblins (D:1)
  2 jackals (D:3)
  2 quokkas
  7 ball pythons
  2 bats (D:1)
  5 frilled lizards
  7 kobolds
  4 rats (D:1)
61 creatures vanquished.

Notes
Turn   | Place    | Note
-------+----------+-------------------------------------------
     0 | D:1      | n00bmints the Minotaur Berserker began the quest for the
                  | Orb.
     0 | D:1      | Reached XP level 1. HP: 19/19 MP: 0/0
    19 | D:1      | Reached skill level 4 in Axes
    19 | D:1      | Reached XP level 2. HP: 26/27 MP: 1/1
   154 | D:1      | Reached XP level 3. HP: 30/33 MP: 2/2
   258 | D:1      | Reached ** piety under Trog
   712 | D:2      | Reached XP level 4. HP: 38/41 MP: 3/3
   891 | D:2      | Reached skill level 5 in Axes
   894 | D:2      | Reached XP level 5. HP: 32/47 MP: 4/4
  1429 | D:3      | Reached skill level 6 in Axes
  1458 | D:3      | Found a faded altar of an unknown god.
  1498 | D:3      | Killed by an exploding orc wizard... ignited by their inner
                  | flame

Illustrated notes

Levels and vault maps discovered:
D:1:      roderic_chinese_lattice_arrival, layout_rooms
D:2:      layout_loops_ring, serial_shops, nicolae_shop_back_alley_shop,
          minmay_small_reverse_x
D:3:      kennysheep_goblin_castle, layout_loops_ring,
          chequers_ecumenical_altar_simple

Skill      XL: |  1  2  3  4  5 |
---------------+----------------+-----
Axes           | 4 5 6 |  6.1
Fighting       | 4 |  4.7
Armour         | 3 |  3.7
Dodging        | |  2.7

Action                     |  1- 3 |  4- 6 || total
---------------------------+-------+-------++-------
  Melee: Hand axe          |    47 |    85 ||   132
         Headbutt          |     8 |    10 ||    18
    Use: Scroll            |       |     1 ||     1
         Potion            |       |     1 ||     1
 Armour: Animal skin       |    18 |       ||    18
         Leather armour    |    16 |    16 ||    32
         Scale mail        |       |    20 ||    20
         Ring mail         |       |     7 ||     7
  Dodge: Dodged            |    45 |    36 ||    81
  Block: Other             |       |     8 ||     8

Table legend: (Time is in decaauts)
 A = Elapsed time spent in this place.
 B = Non-inter-level travel time spent in this place.
 C = Inter-level travel time spent in this place.
 D = Time resting spent in this place.
 E = Time spent auto-exploring this place.
 F = Levels seen in this place.
 G = Mean time per level.
                   A        B        C        D        E       F      G
               +--------+--------+--------+--------+--------+-----+--------+
         Total |   1504 |   1486 |     18 |      0 |      0 |   3 |  501.3 |
       Dungeon |   1504 |   1486 |     18 |      0 |      0 |   3 |  501.3 |
               +--------+--------+--------+--------+--------+-----+--------+

Top non-repeatable levels by time:
     D:2: 741 daAuts
     D:1: 658 daAuts
     D:3: 103 daAuts
